Map: Catalyst LE

Players

kauP - Winner!

  • Race: Terran Terran
  • Spawn Location: 5:00

RiSky

  • Race: Zerg Zerg
  • Spawn Location: 11:00

Event: WCS Leipzig 2018

VOD

Have the link to the VOD?

Description

Time

  • Played on: Jan. 26, 2018, 10:16 a.m.
  • Length: 3:37

All games in this series

Show
View Real Time Build Order
Export as new Build Order

kauP Terran - Winner!

Build Orders:  

Get SALT Encoding   

  12  0:00  SCV  
  13  0:13  SCV  
  14  0:18  Supply Depot  
  14  0:40  Barracks  
  14  0:51  Barracks  
  14  1:05  Barracks  
  14  1:27  Orbital Command, Marine  
  15  1:38  Marine  
  16  1:44  Barracks  
  16  1:49  Marine  
  17  1:55  Marine  
  18  2:02  Marine  
  18  2:07  Bunker  
  19  2:14  Bunker  
  19  2:17  Marine  
  19  2:21  Marine  
  21  2:27  Marine  
  22  2:35  Marine  
  23  2:39  Marine  
  23  2:48  Supply Depot  
  23  3:06  Marine x4  
Show
View Real Time Build Order
Export as new Build Order

RiSky Zerg 

Build Orders: Hatch First 

Get SALT Encoding   

  12  0:00  Drone  
  13  0:13  Overlord  
  13  0:17  Drone  
  14  0:31  Drone x2  
  14  0:35  Drone  
  17  0:52  Hatchery  
  17  0:55  Drone  
  17  0:58  Drone  
  18  1:10  Extractor  
  17  1:13  Spawning Pool  
  17  1:16  Drone  
  17  1:20  Drone  
  18  1:28  Drone  
  19  1:39  Overlord  
  19  2:01  Queen  
  19  2:02  Zergling x4  
  19  2:04  Queen  
  19  2:05  Zergling x2  
  26  2:15  Spine Crawler  
  25  2:16  Zergling x2  
  26  2:24  Zergling x4  
  27  2:31  Zergling x2  
  27  2:36  Zergling x2  
  25  2:42  Zergling x2  
  26  2:44  Spine Crawler  
  26  2:47  Zergling x2  
  26  2:53  Zergling x2  
  26  3:02  Zergling x4  
  25  3:18  Zergling x6  
Tags
 
Add a new tag
Caveats
  • Supply blocks, unpowered buildings, or Contaminate may cause inaccurate times.
  • Supply counts are checked every 10 seconds.